 Dungeon Crawl Stone Soup version 0.30-a0-949-g53dc5368d7 (webtiles) character file.

Game seed: 16658700946564287851

114 Querens the Shield-Bearer (level 5, -1/42 HPs)
             Began as a Formicid Fighter on Mar 27, 2023.
             Slain by an orc priest
             ... wielding a +0 mace
              (7 damage)
             ... on level 3 of the Dungeon.
             The game lasted 00:03:16 (1096 turns).

Querens the Shield-Bearer (Formicid Fighter)        Turns: 1096, Time: 00:03:17

Health: -1/42      AC:  8    Str: 22    XL:     5   Next: 18%
Magic:  5/5        EV:  9    Int:  8    God:
Gold:   105        SH:  5    Dex: 13    Spells: 4/4 levels left

rFire   . . .      SeeInvis +    u - +0 battleaxe
rCold   . . .      Faith    .    c - +0 buckler
rNeg    . . .      Spirit   .    b - +0 scale mail
rPois   .          Reflect  .    (helmet unavailable)
rElec   .          Rampage  .    p - +0 cloak
rCorr   +                        (no gloves)
Will    .....                    (no boots) Stlth
                                 (no amulet)
HPRegen 0.27/turn                g - ring of resist corrosion
MPRegen 0.09/turn                (no ring)

@: no status effects
A: permanent stasis, dig shafts and tunnels, antennae 3, four strong arms
a: Dig, Shaft Self


You were on level 3 of the Dungeon.
You visited 1 branch of the dungeon, and saw 3 of its levels.

You collected 105 gold pieces.

Inventory:

Hand Weapons
 u - a +0 battleaxe (weapon)
Armour
 b - a +0 scale mail (worn)
 c - a +0 buckler (worn)
 p - a +0 cloak (worn)
Jewellery
 g - a ring of resist corrosion (left hand)
Scrolls
 e - 3 scrolls of teleportation {unknown}
 k - 2 scrolls of identify {unknown}
 l - a scroll of fog {unknown}
 m - a scroll of immolation {unknown}
 n - a scroll of blinking {unknown}
 r - a scroll of amnesia {unknown}
 s - a scroll of fear {unknown}
 t - 3 scrolls of poison {unknown}
Potions
 d - 2 potions of might
 f - 3 potions of heal wounds {unknown}
 h - a potion of mutation {unknown}
 i - a potion of degeneration {unknown}
 j - a potion of curing {unknown}
 o - a potion of lignification {unknown}
 q - a potion of flight {unknown}


   Skills:
 + Level 4.1 Fighting
 + Level 2.9 Axes
 + Level 4.2 Armour
 + Level 4.9 Shields


You had 4 spell levels left.
You didn't know any spells.
Your spell library contained the following spells:

 Spells                   Type           Power      Damage    Failure   Level
 Magic Dart               Conj           0%         1d3       80%         1
 Lesser Beckoning         Tloc           0%         N/A       90%         2
 Momentum Strike          Conj/Tloc      0%         3d8       90%         2
 Searing Ray              Conj           0%         2d4       90%         2
 Ignite Poison            Fire/Tmut/Pois 0%         N/A       99%         3
 Fulminant Prism          Conj/Hex       0%         3d5       100%        4
 Sticky Flame             Conj/Fire      0%         2d3       100%        4
 Ignition                 Fire           0%         3d3       100%        8
 Blink                    Tloc           Unusable   N/A       N/A         2

Dungeon Overview and Level Annotations

Branches:
Dungeon (3/15)

Altars:


Innate Abilities, Weirdness & Mutations

You cannot be hasted, slowed, berserked, paralysed or teleported.
You can dig through walls and to a lower floor.
You have a pair of large antennae on your head. (SInv)
Your four strong arms can wield two-handed weapons with a shield.


Message History

You hit the orc.
You kill the orc!
You block the orc priest's attack.
The orc priest calls down the wrath of Beogh upon you.
Pain shoots through your body!
* * * LOW HITPOINT WARNING * * *
You barely miss the orc priest.
The orc priest is moderately wounded.
The orc priest hits you but does no damage.
You closely miss the orc priest.
The orc priest is moderately wounded.
The orc priest hits you but does no damage.
You block the orc priest's attack.
You closely miss the orc priest.
The orc priest is moderately wounded.
The orc priest closely misses you.
You hit the orc priest.
The orc priest is moderately wounded.
The orc priest miscasts a cantrip.
The orc priest barely misses you.
You hit the orc priest.
The orc priest is heavily wounded.
The orc priest hits you with a +0 mace.
* * * LOW HITPOINT WARNING * * *
The orc priest hits you but does no damage.
You barely miss the orc priest.
The orc priest is heavily wounded.
The orc priest closely misses you.
You hit the orc priest.
The orc priest is almost dead.
The orc priest hits you with a +0 mace.
* * * LOW HITPOINT WARNING * * *
The orc priest invokes the aid of Beogh against you.
Pain shoots through your body!
* * * LOW HITPOINT WARNING * * *
Unknown command.
You closely miss the orc priest.
The orc priest is almost dead.
The orc priest hits you with a +0 mace!
You die...

##..†.......## ..###.#
#...........# ## #.#
#.............# #.#
#...........#######.####
#.............#........#
#......#....##..........#
........................#
#...####...$............#
#.## #......#.@o####### .
. #..)..# .......#
#......... ##.##......#
#. .####### #. . #.


You could see an orc priest.

Vanquished Creatures
  Robin (D:2)
  3 adders
  2 orcs (D:3)
  8 bats
  8 endoplasms
  3 giant cockroaches
  9 goblins
  9 hobgoblins
  4 kobolds
  6 ball pythons
  15 frilled lizards
  A rat (D:3)
69 creatures vanquished.

Vanquished Creatures (others)
  4 plants (D:2)
4 creatures vanquished.

Grand Total: 73 creatures vanquished

Notes
Turn   | Place    | Note
-------+----------+-------------------------------------------
     0 | D:1      | Querens the Formicid Fighter began the quest for the Orb.
     0 | D:1      | Reached XP level 1. HP: 18/18 MP: 1/1
    60 | D:1      | Reached XP level 2. HP: 24/24 MP: 2/2
   195 | D:1      | Reached XP level 3. HP: 29/29 MP: 3/3
   473 | D:2      | Noticed Robin
   488 | D:2      | Killed Robin
   489 | D:2      | Reached XP level 4. HP: 8/37 MP: 4/4
   986 | D:3      | Reached XP level 5. HP: 40/42 MP: 5/5
  1096 | D:3      | Slain by an orc priest

Illustrated notes

Levels and vault maps discovered:
D:1:      amcnicky_arrival_double_pillar, layout_rooms
D:2:      layout_loops_ring, kennysheep_decorative_pillar, minmay_lizard_king,
          uniq_robin
D:3:      layout_rooms

Skill      XL: |  1  2  3  4 |
---------------+-------------+-----
Armour         | 4 |  4.2
Fighting       | 4 |  4.1
Axes           | |  2.9
Shields        | |  4.9

Action                     |  1- 3 |  4- 6 || total
---------------------------+-------+-------++-------
  Melee: War axe           |    89 |    50 ||   139
         Battleaxe         |       |    16 ||    16
 Armour: Scale mail        |    69 |    47 ||   116
  Dodge: Dodged            |    72 |    33 ||   105
  Block: Buckler           |    37 |    14 ||    51

Table legend: (Time is in decaauts)
 A = Elapsed time spent in this place.
 B = Non-inter-level travel time spent in this place.
 C = Inter-level travel time spent in this place.
 D = Time resting spent in this place.
 E = Time spent auto-exploring this place.
 F = Levels seen in this place.
 G = Mean time per level.
                   A        B        C        D        E       F      G
               +--------+--------+--------+--------+--------+-----+--------+
         Total |   1159 |   1059 |    100 |      0 |      0 |   3 |  386.3 |
       Dungeon |   1159 |   1059 |    100 |      0 |      0 |   3 |  386.3 |
               +--------+--------+--------+--------+--------+-----+--------+

Top non-repeatable levels by time:
     D:2: 627 daAuts
     D:1: 370 daAuts
     D:3: 161 daAuts
